 Dungeon Crawl Stone Soup version 0.25.1-2-g60ff931df9 (webtiles) character file.

Game seed: 4460475571585739019

85 Exodus22XD the Poker (level 4, -1/34 HPs)
             Began as a Demonspawn Gladiator on Oct 31, 2020.
             Slain by Grinder (5 damage)
             ... on level 3 of the Dungeon.
             The game lasted 00:01:25 (2185 turns).

Exodus22XD the Poker (Demonspawn Gladiator)         Turns: 2185, Time: 00:01:26

Health: -1/34      AC:  4    Str: 16    XL:     4   Next: 25%
Magic:  4/4        EV: 13    Int:  9    God:
Gold:   91         SH:  0    Dex: 14    Spells: 3/3 levels left

rFire    + . .     SeeInvis .   a - +0 trident
rCold    + . .     Gourm    .   (no shield)
rNeg     . . .     Faith    .   b - +0 leather armour
rPois    +         Spirit   .   c - +0 helmet
rElec    +         Reflect  .   (no cloak)
rCorr    +         Harm     .   (no gloves)
MR       .....                  (no boots)
Stlth    +++.......             (no amulet)
HPRegen  0.11/turn              (no ring)
MPRegen  0.09/turn              (no ring)

@: resistant
A: talons 1, demonic guardian 1, nightstalker 1
a: no special abilities


You were on level 3 of the Dungeon.
You were not hungry.

You visited 1 branch of the dungeon, and saw 3 of its levels.

You collected 91 gold pieces.

Inventory:

Hand Weapons
 a - a +0 trident (weapon)
Missiles
 d - 3 throwing nets (quivered)
Armour
 b - a +0 leather armour (worn)
 c - a +0 helmet (worn)
Scrolls
 e - 4 scrolls of identify {unknown}
 i - a scroll of magic mapping {unknown}
 l - 2 scrolls of remove curse {unknown}
Potions
 g - a potion of lignification {unknown}
 h - a potion of ambrosia {unknown}
 j - a potion of resistance
 k - 2 potions of flight {unknown}
 m - a potion of haste {unknown}
Comestibles
 f - 4 rations
 n - a chunk of flesh


   Skills:
 + Level 2.3 Fighting
 + Level 3.6 Polearms
 - Level 1.7 Throwing
 + Level 1.1 Armour
 + Level 3.1 Dodging
 + Level 1.2 Stealth


You had 3 spell levels left.
You didn't know any spells.
Your spell library was empty.

Dungeon Overview and Level Annotations

Branches:
Dungeon (3/15)

Altars:

Annotations:
D:3 Grinder


Innate Abilities, Weirdness & Mutations

You have sharp toenails.
A weak demonic guardian rushes to your aid.
You are slightly more attuned to the shadows.


Message History

Grinder completely resists.
Grinder gestures at you. Pain shoots through your body!
Grinder hits you but does no damage.
Your white imp misses Grinder.
The rat bites you but does no damage.
Your white imp barely misses Grinder.
Grinder hits you!
You writhe in agony.
The rat barely misses you. Grinder gestures at you.
You barely resist.
Your white imp closely misses Grinder.
The rat barely misses you. Grinder hits you.
* * * LOW HITPOINT WARNING * * *
You writhe in agony.
* * * LOW HITPOINT WARNING * * *
Your white imp gestures at Grinder.
The puff of frost misses Grinder.
You can move again.
It was a potion of resistance.
You feel protected. The rat barely misses you. Grinder hits you.
You die...

#...######
#................
#.)...#...#.#...#
#......#.#...#.#
#...#...#.....#
#....#..#.....#
#.#...###.....###
#..#..#..#...#5.#
#...###...#.#.@5#
#..#...#...#..r#l.$#
#.#.....#..#..#.....#
#........#####.......
#.#.....#.. #.....#
#..#...#...# #...#.
....###.^.#.# ###.
##..# ..#...


You could see Grinder, a frilled lizard, a rat and a friendly white imp
(summoned).

Vanquished Creatures
  2 adders (D:2)
  2 oozes (D:1)
  4 giant cockroaches
  6 goblins
  4 hobgoblins
  8 jackals
  8 kobolds
  A quokka (D:2)
  2 ball pythons (D:2)
  7 bats
  2 frilled lizards (D:1)
  10 rats
56 creatures vanquished.

Notes
Turn   | Place    | Note
-------+----------+-------------------------------------------
     0 | D:1      | Exodus22XD the Demonspawn Gladiator began the quest for the
                  | Orb.
     0 | D:1      | Reached XP level 1. HP: 16/16 MP: 1/1
   163 | D:1      | Gained mutation: You are slightly more attuned to the
                  | shadows. [demonic ancestry]
   163 | D:1      | Reached XP level 2. HP: 18/22 MP: 2/2
   705 | D:1      | Gained mutation: You have sharp toenails. [demonic
                  | ancestry]
   705 | D:1      | Reached XP level 3. HP: 25/27 MP: 3/3
  1545 | D:2      | Reached skill level 1 in Armour
  1675 | D:2      | Reached skill level 1 in Stealth
  1802 | D:2      | Gained mutation: A weak demonic guardian rushes to your
                  | aid. [demonic ancestry]
  1802 | D:2      | Reached XP level 4. HP: 33/33 MP: 4/4
  2173 | D:3      | Noticed Grinder
  2179 | D:3      | Paralysed by Grinder for 6 turns
  2185 | D:3      | Slain by Grinder

Illustrated notes

Levels and vault maps discovered:
D:1:      dpeg_arrival_arbitrary_a, layout_basic, serial_forest,
          infiniplex_forest_corner_1, infiniplex_forest_clump_small,
          infiniplex_forest_split, infiniplex_forest_clump_diagonal,
          infiniplex_forest_fountain, infiniplex_forest_clump_small,
          infiniplex_forest_clump_curved, minmay_misc_feat_tower
D:2:      layout_basic, first_ration
D:3:      layout_loops_ring, minmay_splitting_lines, minmay_cupped, uniq_grinder

Skill      XL: |  1  2  3 |
---------------+----------+-----
Polearms       | 3 |  3.6
Dodging        | 3 |  3.1
Armour         | 1 |  1.1
Stealth        | 1 |  1.2
Fighting       | |  2.3
Throwing       | |  1.7

Action                   |  1- 3 |  4- 6 || total
-------------------------+-------+-------++-------
Melee: Trident           |   133 |    24 ||   157
       Kick              |     7 |     2 ||     9
  Use: Potion            |       |     1 ||     1
 Stab: Sleeping          |     8 |       ||     8
  Eat: Chunk             |     3 |     1 ||     4
Armor: Leather armour    |    35 |     8 ||    43
Dodge: Dodged            |    89 |    16 ||   105
